 Dungeon Crawl Stone Soup version 0.29-a0-878-g7b45a56547 (webtiles) character file.

Game seed: 3857223547268979806

33 quixfox the Digger (level 3, 0/19 HPs)
             Began as a Gargoyle Earth Elementalist on July 20, 2022.
             Slain by Sigmund
             ... wielding a +0 scythe
              (2 damage)
             ... on level 3 of the Dungeon.
             The game lasted 00:01:52 (1863 turns).

quixfox the Digger (Gargoyle Earth Elementalist)    Turns: 1863, Time: 00:01:54

Health: 0/19       AC:  5    Str: 11    XL:     3   Next: 29%
Magic:  1/7        EV: 11    Int: 17    God:
Gold:   119        SH:  0    Dex: 10    Spells: 6/7 levels left

rFire   . . .      SeeInvis .   j - +0 whip
rCold   . . .      Faith    .   (no shield)
rNeg    + . .      Spirit   .   a - +0 robe
rPois   ∞          Reflect  .   (no helmet)
rElec   +          Harm     .   (no cloak)
rCorr   .          Rampage  .   (no gloves)
Will    .....                   (no boots)
Stlth   ++........              (no amulet)
HPRegen 0.06/turn               (no ring)
MPRegen 0.10/turn               (no ring)

@: no status effects
A: sickness immunity, AC +3, negative energy resistance 1, electricity
resistance, torment resistance 1, petrification resistance
a: no special abilities


You were on level 3 of the Dungeon.
You visited 1 branch of the dungeon, and saw 3 of its levels.

You collected 119 gold pieces.

Inventory:

Hand Weapons
 j - a +0 whip (weapon)
Armour
 a - a +0 robe (worn)
Scrolls
 d - a scroll of vulnerability {unknown}
 f - 3 scrolls of identify {unknown}
 i - a scroll of poison {unknown}
 l - a scroll of immolation {unknown}
 m - a scroll of noise {unknown}
 o - a scroll of enchant armour {unknown}
Potions
 b - a potion of magic
 c - a potion of haste {unknown}
 e - 2 potions of lignification {unknown}
 g - 2 potions of mutation {unknown}
 h - 2 potions of brilliance {unknown}
 k - a potion of degeneration {unknown}
 n - a potion of flight {unknown}


   Skills:
 - Level 1.5 Dodging
 - Level 2.1 Stealth
 + Level 2.7 Spellcasting
 - Level 0.7 Transmutations
 + Level 4.4 Earth Magic


You had 6 spell levels left.
You knew the following spells:

 Your Spells              Type           Power      Damage    Failure   Level
a - Sandblast             Erth           34%        2d9       2%          1

Your spell library contained the following spells:

 Spells                   Type           Power      Damage    Failure   Level
 Passwall                 Tmut/Erth      9%         N/A       10%         2
 Apportation              Tloc           4%         N/A       19%         1
 Necrotise                Necr           8%         1d4       19%         1
 Summon Small Mammal      Summ           8%         N/A       19%         1
 Stone Arrow              Conj/Erth      18%        3d8       22%         3
 Dazzling Flash           Conj/Hex       4%         N/A       47%         3
 Petrify                  Tmut/Erth      11%        N/A       52%         4
 Iskenderun's Mystic Bla  Conj/Tloc      2%         2d3       87%         4
 Starburst                Conj/Fire      1%         6d3       100%        6


Dungeon Overview and Level Annotations

Branches:
Dungeon (3/15)

Altars:

Annotations:
D:3 Sigmund


Innate Abilities, Weirdness & Mutations

You are immune to sickness and miasma.
Your stone body is resilient. (AC +3)
You are immune to poison.
You resist negative energy. (rN+)
You are resistant to electric shocks. (rElec)
You are resistant to unholy torment.
You are immune to petrification.


Message History

The blast of sand hits Sigmund but does no damage.
Sigmund is moderately wounded.
Sigmund hits you from afar with a +0 scythe.
Sigmund misses you.
The blast of sand hits Sigmund.
Sigmund is heavily wounded.
Sigmund casts a spell at you. The puff of flame hits you.
The blast of sand hits Sigmund.
Sigmund is heavily wounded.
Sigmund hits you from afar with a +0 scythe.
Sigmund points at you and mumbles some strange words.
You resist with significant effort.
You are too injured to fight recklessly!
Aiming: Sandblast (safe; 2% risk of failure)
Press: ? - help, Q - select action Shift-Dir - straight line, f/p - Sigmund
Aim: Sigmund, wielding a +0 scythe, wearing a +1 robe of resistance and carrying a wand of digging (4) (heavily wounded, 77% to hit)
The blast of sand hits Sigmund.
Sigmund is severely wounded.
Sigmund is suddenly surrounded by pale green light.
Sigmund hits you from afar with a +0 scythe.
* * * LOW HITPOINT WARNING * * *
Aiming: Sandblast (safe; 2% risk of failure)
Press: ? - help, Q - select action Shift-Dir - straight line, f/p - Sigmund
Aim: Sigmund, wielding a +0 scythe, wearing a +1 robe of resistance and carrying a wand of digging (4) (severely wounded, 77% to hit)
The blast of sand hits Sigmund.
Sigmund is almost dead.
Sigmund casts a spell at you. You resist with significant effort.
Sigmund says, "I'm your fate."
Sigmund points at you and mumbles some strange words.
The puff of flame misses you.
Aiming: Sandblast (safe; 2% risk of failure)
Press: ? - help, Q - select action Shift-Dir - straight line, f/p - Sigmund
Aim: Sigmund, wielding a +0 scythe, wearing a +1 robe of resistance and carrying a wand of digging (4) (almost dead, 77% to hit)
The blast of sand hits Sigmund.
Sigmund is almost dead.
Sigmund says, "You will soon forget everything."
Sigmund hits you from afar with a +0 scythe.
You die...

.. ###.# ###
..#.# ..# #.#.#
#.#.# #.#.# #.#.#
#.#@#
#.#.########.#.#
#.#.#........@.#
##.....######.###
#......# #.#
##.(..## #.#
###.## #.# #.#
#.# #.# #.. #.#
### ######.#


You could see Sigmund.

Vanquished Creatures
  An adder (D:2)
  A worm (D:2)
  2 ball pythons
  A giant cockroach (D:1)
  A hobgoblin (D:2)
  A quokka (D:1)
  3 bats (D:1)
  3 frilled lizards
  4 goblins
  3 kobolds
  2 rats (D:1)
22 creatures vanquished.

Notes
Turn   | Place    | Note
-------+----------+-------------------------------------------
     0 | D:1      | quixfox the Gargoyle Earth Elementalist began the quest for
                  | the Orb.
     0 | D:1      | Reached XP level 1. HP: 10/10 MP: 3/3
   479 | D:1      | Reached XP level 2. HP: 15/15 MP: 3/5
   533 | D:1      | Reached skill level 4 in Earth Magic
  1111 | D:2      | Found a faded altar of an unknown god.
  1222 | D:2      | Reached XP level 3. HP: 19/19 MP: 2/6
  1856 | D:3      | Noticed Sigmund
  1863 | D:3      | Slain by Sigmund

Illustrated notes

Levels and vault maps discovered:
D:1:      minmay_arrival_stone_box, layout_basic
D:2:      layout_basic, ebering_ecumenical_altar_mist
D:3:      layout_loops_ring, kennysheep_okawaru_gauntlet, uniq_sigmund

Skill      XL: |  1  2 |
---------------+-------+-----
Earth Magic    | 4 |  4.4
Dodging        | |  1.5
Stealth        | |  2.1
Spellcasting   | |  2.7
Transmutations | |  0.7

Action                   || total
-------------------------++-------
 Cast: Sandblast         ||    39
Armor: Robe              ||     3
Dodge: Dodged            ||     9

Table legend: (Time is in decaauts)
 A = Elapsed time spent in this place.
 B = Non-inter-level travel time spent in this place.
 C = Inter-level travel time spent in this place.
 D = Time resting spent in this place.
 E = Time spent auto-exploring this place.
 F = Levels seen in this place.
 G = Mean time per level.
                   A        B        C        D        E       F      G
               +--------+--------+--------+--------+--------+-----+--------+
         Total |   1900 |   1808 |     92 |     73 |   1540 |   3 |  633.3 |
       Dungeon |   1900 |   1808 |     92 |     73 |   1540 |   3 |  633.3 |
               +--------+--------+--------+--------+--------+-----+--------+

Top non-repeatable levels by time:
     D:1: 1062 daAuts
     D:2: 793 daAuts
     D:3: 44 daAuts
